 Dungeon Crawl Stone Soup version 0.22-a0-374-g5dfd9e3 (webtiles) character file.

382 JeffiDaFish the Firebug (level 6, -18/45 HPs)
             Began as a Draconian Fire Elementalist on Apr 26, 2018.
             Demolished by an orc warrior
             ... wielding a +0 glaive
              (29 damage)
             ... on level 4 of the Dungeon.
             The game lasted 00:09:21 (3857 turns).

JeffiDaFish the Firebug (DrFE)                      Turns: 3857, Time: 00:09:22

Health: -18/45     AC:  9    Str: 17    XL:     6   Next: 47%
Magic:  4/11       EV: 13    Int: 17    God:
Gold:   220        SH:  0    Dex: 11    Spells: 4/12 levels left

rFire    . . .     SeeInvis .   e - +1 dagger (venom)
rCold    . . .     Gourm    .   (no shield)
rNeg     . . .     Faith    .   (armour unavailable)
rPois    .         Spirit   .   (helmet restricted)
rElec    .         Reflect  .   (no cloak)
rCorr    .         Harm     .   c - +2 pair of gloves
MR       .....                  (no boots)
Stlth    ++........             (no amulet)
HPRegen  0.15/turn              a - +6 ring of strength
MPRegen  0.12/turn              (no ring)

@: no status effects
A: unfitting armour, cold-blooded, AC +6
a: no special abilities


You were on level 4 of the Dungeon.
You were not hungry.

You visited 1 branch of the dungeon, and saw 4 of its levels.
You also visited: Sewer.

You collected 220 gold pieces.

Inventory:

Hand Weapons
 e - a +1 dagger of venom (weapon)
Armour
 c - a +2 pair of gloves (worn)
Jewellery
 a - a +6 ring of strength (left hand)
Scrolls
 f - 4 scrolls of teleportation
 h - 3 scrolls of fear
 i - 5 scrolls of remove curse
 j - a scroll of enchant armour
Potions
 d - a potion of heal wounds
 g - 2 potions of curing
 k - a potion of brilliance
Comestibles
 b - 7 rations
 l - a chunk of flesh


   Skills:
 + Level 3.4 Dodging
 - Level 1.7 Stealth
 + Level 3.5 Spellcasting
 + Level 3.4 Conjurations
 + Level 4.4 Fire Magic


You had 4 spell levels left.
You knew the following spells:

 Your Spells              Type           Power        Failure   Level  Hunger
a - Flame Tongue          Conj/Fire      ###..        3%          1    None
b - Conjure Flame         Conj/Fire      ###.....     10%         3    ###....
c - Sticky Flame          Conj/Fire      ###.....     32%         4    ####...


Dungeon Overview and Level Annotations

Branches:
Dungeon (4/15)
 Temple: D:4-7

Altars:
Okawaru

Shops:
D:4 [


Innate Abilities, Weirdness & Mutations

Your plain brown scales are hard. (AC +6)
You cannot fit into any form of body armour.
You are cold-blooded and may be slowed by cold attacks.


Message History

The orc wizard burns!
The orc wizard casts a spell.
The orc wizard blinks!
The orc wizard burns!
The orc hits you with a short sword!
You hit the orc.
The orc is poisoned.
The orc is moderately wounded.
The orc wizard burns!
You kill the orc wizard!
The orc hits you with a short sword.
You closely miss the orc.
Your tail-slap misses the orc.
The orc is moderately wounded.
The orc warrior hits you from afar with a glaive.
The orc hits you but does no damage.
You hit the orc.
The orc looks as sick as possible!
The orc is severely wounded.
The orc hits you with a short sword.
* * * LOW HITPOINT WARNING * * *
The orc warrior hits you from afar with a glaive!!
Ouch! That really hurt!
You die...

.......##. #.#.#.######
......##.##.#.#.#....####
...........#.#<.........
#....##.#.#.######.####
#....##.#...........#
#....##...#.#####...#
#....../..#.#####.#.###
###...####..#.#..........
#....)oo@...#.#.###..####
#.....o###.>..#.# #..#
#.....?# #....#.###..#
#......# #...........####
#......# #.....#####.....
#......# ##+##.#..<..####
#...... #.#...#.# #
#...... #.#.....# #
#.#..PP.####


You could see an orc warrior, an orc priest and an orc.

Vanquished Creatures
  2 big kobolds (Sewer)
  An orc wizard (D:4)
  Terence (D:2)
  A worker ant (D:4)
  A worker ant zombie (D:3)
  3 adders
  4 oozes
  A dart slug (D:3)
  6 worms
  2 leopard geckos
  4 orcs (D:3)
  4 ball pythons
  2 giant cockroaches
  10 hobgoblins
  7 jackals
  9 kobolds
  3 quokkas (D:2)
  A ball python zombie (D:2)
  11 bats
  5 frilled lizards (D:2)
  4 goblins
  A leopard gecko skeleton (D:4)
  10 rats
93 creatures vanquished.

Notes
Turn   | Place    | Note
-------+----------+-------------------------------------------
     0 | D:1      | JeffiDaFish the Draconian Fire Elementalist began the quest for the Orb.
     0 | D:1      | Reached XP level 1. HP: 14/14 MP: 3/3
    80 | D:1      | Reached XP level 2. HP: 10/20 MP: 0/5
   631 | D:2      | Reached XP level 3. HP: 25/26 MP: 0/6
   648 | D:2      | Found an iron altar of Okawaru.
   752 | D:2      | Learned a level 3 spell: Conjure Flame
  1037 | D:2      | Noticed Terence
  1072 | D:2      | Killed Terence
  1072 | D:2      | Reached XP level 4. HP: 29/33 MP: 1/8
  1490 | D:2      | Learned a level 4 spell: Sticky Flame
  1695 | D:3      | Reached XP level 5. HP: 30/38 MP: 9/9
  2544 | D:4      | Found Byugesk's Antique Armour Emporium.
  2658 | D:4      | Found a glowing drain.
  2664 | Sewer    | Entered a sewer
  3362 | Sewer    | Reached skill level 4 in Fire Magic
  3370 | Sewer    | Reached XP level 6. HP: 26/45 MP: 1/11
  3848 | D:4      | Noticed an orc warrior
  3857 | D:4      | Demolished by an orc warrior

Vault maps used:
D:1:      saegor_arrival_miasma
D:2:      okawaru_metal_pillars_1_2, minmay_joined_circles, uniq_terence
D:3:      first_ration
D:4:      serial_shops, nicolae_shop_overgrown_old_shop, portal_sewer_entry_e,
          kennysheep_boxes
Sewer:    sewer_co_15_rooms

Skill      XL: |  1  2  3  4  5 |
---------------+----------------+-----
Dodging        | 2 3 |  3.4
Conjurations   | 2 3 |  3.4
Spellcasting   | 3 |  3.5
Fire Magic     | 4 |  4.4
Stealth        | |  1.7

Action                   |  1- 3 |  4- 6 || total
-------------------------+-------+-------++-------
Melee: Unarmed           |    19 |       ||    19
       Tailslap          |    12 |     6 ||    18
       Dagger            |    78 |   107 ||   185
 Cast: Flame Tongue      |    39 |    54 ||    93
       Conjure Flame     |     1 |     1 ||     2
       Sticky Flame      |       |     1 ||     1
  Use: Potion            |     4 |     3 ||     7
       Scroll            |     4 |     3 ||     7
 Stab: Sleeping          |     2 |     1 ||     3
       Distracted        |       |     1 ||     1
  Eat: Chunk             |     1 |     9 ||    10
Armor: Skin              |    34 |    40 ||    74
Dodge: Dodged            |    82 |    67 ||   149

Table legend:
 A = Spawn XP
 B = Non-spawn XP
 C = Spawn XP percentage of total XP
 D = Spawn monster count
 E = Non-spawn monster count
 F = Spawn count percentage of total count
 G = Total turns spent on level
                    A         B        C        D         E        F      G
               +---------+---------+-------+---------+---------+-------+---------
         Total |       0 |     546 |   0.0 |       0 |      93 |   0.0 |  3857
               +---------+---------+-------+---------+---------+-------+---------
           D:1 |       0 |      26 |   0.0 |       0 |      12 |   0.0 |   601
           D:2 |       0 |     127 |   0.0 |       0 |      42 |   0.0 |   966
           D:3 |       0 |      69 |   0.0 |       0 |      19 |   0.0 |   962
           D:4 |       0 |      75 |   0.0 |       0 |       3 |   0.0 |   331
         Sewer |       0 |     249 |   0.0 |       0 |      17 |   0.0 |   997
               +---------+---------+-------+---------+---------+-------+---------
